 Dungeon Crawl Stone Soup version 0.31-a0-588-g14bffd4ff3 (webtiles) character file.

Game seed: 7167451836544389061

1204 Conn the Firebug (level 8, -9/47 HPs)
             Began as an Octopode Fire Elementalist on Aug 19, 2023.
             Mangled by an orc warrior
             ... wielding a +0 flail
              (14 damage)
             ... on level 6 of the Dungeon.
             The game lasted 00:10:42 (5092 turns).

Conn the Firebug (Octopode Fire Elementalist)       Turns: 5092, Time: 00:10:42

Health: -9/47      AC:  1    Str:  7    XL:     8   Next: 45%
Magic:  10/24      EV: 13    Int: 28    God:
Gold:   221        SH:  0    Dex: 13    Spells: 11/17 levels left

rFire   + . .        d - staff of conjuration
rCold   . . .        (no shield)
rNeg    + . .        (helmet restricted)
rPois   .            (no amulet)
rElec   .            c - ring of protection from fire
rCorr   +            h - +6 ring of intelligence
SInv    .            a - ring of magical power
Will    .....        e - ring of Fragile Peace {rN+ rCorr Int+3 Slay-2}
Stlth   ++++         (no ring)
HPRegen 0.27/turn    (no ring)
MPRegen 0.19/turn    (no ring)
                     (no ring)

%: no passive effects
@: very slightly contaminated
A: almost no armour, amphibious, 8 rings, camouflage 1, gelatinous body 1,
(nimble swimmer 1), tentacles
a: no special abilities


You were on level 6 of the Dungeon.
You visited 1 branch of the dungeon, and saw 6 of its levels.

You collected 221 gold pieces.

Inventory:

Hand Weapons
 n - a +0 dagger
 p - a +2 short sword of electrocution
Missiles
 j - 4 atropa-tipped darts
Armour
 m - a +0 buckler
Magical Staves
 d - a staff of conjuration (weapon)
Jewellery
 a - a ring of magical power (on tentacle)
 c - a ring of protection from fire (left tentacle)
 e - the ring of Fragile Peace (on tentacle) {rN+ rCorr Int+3 Slay-2}
   (You acquired it on level 4 of the Dungeon)

   [ring of resist corrosion]

   Int+3:     It affects your intelligence (+3).
   Slay-2:    It affects your accuracy & damage with ranged weapons and melee
   (-2).
   rN+:       It protects you from negative energy.
   rCorr:     It protects you from acid and corrosion.
 h - a +6 ring of intelligence (right tentacle)
Wands
 s - a wand of charming (5)
Scrolls
 g - a scroll of enchant weapon
 l - a scroll of immolation
 q - a scroll of silence
 r - a scroll of teleportation {unknown}
 t - 2 scrolls of poison
 u - 2 scrolls of vulnerability
Potions
 b - a potion of haste
 f - a potion of degeneration {unknown}
 i - 2 potions of heal wounds
 k - a potion of mutation {unknown}
 o - a potion of might {unknown}


   Skills:
 + Level 0.9 Fighting
 + Level 2.4 Short Blades
 + Level 2.9 Dodging
 + Level 5.1 Stealth
 + Level 0.5 Unarmed Combat
 + Level 5.3 Spellcasting
 + Level 3.8 Conjurations
 + Level 0.8 Hexes
 + Level 5.8 Fire Magic


You had 11 spell levels left.
You knew the following spells:

 Your Spells              Type           Power      Damage    Failure   Level
a - Foxfire               Conj/Fire      100%       2x1d9     1%          1
b - Scorch                Fire           80%        2d8       1%          2
c - Inner Flame           Hex/Fire       26%        N/A       4%          3

Your spell library contained the following spells:

 Spells                   Type           Power      Damage    Failure   Level
 Shock                    Conj/Air       100%       1d9       3%          1
 Volatile Blastmotes      Fire/Tloc      46%        2d13      6%          3
 Flame Wave               Conj/Fire      51%        2d13      9%          4
 Frozen Ramparts          Ice            14%        1d3       21%         3
 Swiftness                Air            7%         N/A       21%         3
 Airstrike                Air            3%         2d(1-17)  54%         4
 Petrify                  Tmut/Erth      7%         N/A       54%         4
 Metabolic Englaciation   Hex/Ice        4%         N/A       83%         5
 Yara's Violent Unravell  Hex/Tmut       4%         3d4       83%         5
 Enfeeble                 Hex            6%         N/A       100%        7


Dungeon Overview and Level Annotations

Branches:
Dungeon (6/15)
 Temple: D:4-7

Altars:
Hepliaklqana
Ru

Shops:
D:5 *


Innate Abilities, Weirdness & Mutations

You cannot wear most types of armour.
You are amphibious.
You can wear up to eight rings at the same time.
Your skin changes colour to match your surroundings (Stealth+).
Your rubbery body absorbs attacks. (AC +1, EV +1)
((You are camouflaged when in or above water. (Stealth+)))
You have tentacles for arms and can constrict up to eight enemies at once.


Message History

Confirm with . or Enter, or press ? or * to list all spells.
You feel a surge of power!
You conjure some foxfire!
The orc warrior is no longer more vulnerable to fire.
The ufetubus hits you. x2; The orc warrior barely misses you.
Unknown command.
The orc warrior attacks as you move away!
The orc warrior hits you with a +0 flail!
The foxfire hits the ufetubus!
The ufetubus is burned terribly!
You kill the ufetubus!
The foxfire hits the orc warrior but does no damage.
The orc warrior is heavily wounded.
Casting: Foxfire (safe; 1% risk of failure)
Confirm with . or Enter, or press ? or * to list all spells.
Okay, then.
Unknown command.
Unknown command.
Okay, then.
Okay, then.
Unknown command.
Unknown command.
Casting: Foxfire (safe; 1% risk of failure)
Confirm with . or Enter, or press ? or * to list all spells.
Aiming: Inner Flame (dangerous; 4% risk of failure)
Press: ? - help, Dir - move target, f/p - orc warrior
Aim: an orc warrior, wielding a +0 flail, wearing a +0 chain mail and quivering boomerangs (heavily wounded, chance to affect: 81%)
The orc warrior is filled with an inner flame.
You hear some strange, mumbled words.
Something tries to affect you, but you resist.
The orc warrior closely misses you.
Unknown command.
Unknown command.
Casting: Inner Flame (dangerous; 4% risk of failure)
Confirm with . or Enter, or press ? or * to list all spells.
You feel a surge of power!
You conjure some foxfire!
The orc warrior hits you with a +0 flail!
* * * LOW HITPOINT WARNING * * *
Unknown command.
The orc warrior attacks as you move away!
The orc warrior hits you with a +0 flail!
You die...

##. ...# #...# ...).#
#.)J.### #.....##
#.#....## #(# #o.v##
#.# #.@..##
#.####v...#$##
######..#.........#
##....<#......>.....
#...................
#...............####.
#...............#
#...............#
#...............#


You could see an orc warrior (inner flame, ally target) and a jelly.

Vanquished Creatures
  Grinder (D:4)
  A wyvern (D:5)
  A water moccasin (D:5)
  An ice beast (D:4)
  2 ogres (D:5)
  A scorpion (D:4)
  6 orc priests
  Terence (D:2)
  2 iguanas (D:4)
  2 orc wizards (D:4)
  6 adders
  An ufetubus (D:6)
  2 worms
  A dart slug (D:1)
  11 orcs
  9 endoplasms
  5 goblins
  3 hobgoblins
  12 jackals
  6 kobolds
  4 quokkas
  6 ball pythons
  3 bats
  7 frilled lizards
  6 rats
100 creatures vanquished.

Vanquished Creatures (collateral kills)
  A foxfire (D:2)
1 creature vanquished.

Vanquished Creatures (others)
  296 foxfires
296 creatures vanquished.

Grand Total: 397 creatures vanquished

Notes
Turn   | Place    | Note
-------+----------+-------------------------------------------
     0 | D:1      | Conn the Octopode Fire Elementalist began the quest for the
                  | Orb.
     0 | D:1      | Reached XP level 1. HP: 11/11 MP: 3/3
   119 | D:1      | Reached XP level 2. HP: 17/17 MP: 1/5
   949 | D:1      | Learned a level 2 spell: Scorch
   968 | D:1      | Reached XP level 3. HP: 21/21 MP: 0/6
   972 | D:1      | Learned a level 3 spell: Inner Flame
  1433 | D:2      | Noticed Terence
  1446 | D:2      | Killed Terence
  1447 | D:2      | Reached XP level 4. HP: 27/27 MP: 3/7
  2215 | D:2      | Found a faded altar of an unknown god.
  2259 | D:3      | Found a sacrificial altar of Ru.
  2498 | D:3      | Reached XP level 5. HP: 30/31 MP: 6/9
  3124 | D:4      | Reached skill level 1 in Short Blades
  3215 | D:4      | Reached XP level 6. HP: 20/37 MP: 3/10
  3463 | D:4      | Noticed an ice beast
  3468 | D:4      | Killed an ice beast
  3825 | D:4      | Reached XP level 7. HP: 42/42 MP: 12/12
  3863 | D:4      | Noticed Grinder
  3869 | D:4      | Killed Grinder
  3870 | D:4      | Reached skill level 5 in Fire Magic
  3984 | D:4      | Identified a scroll of acquirement
  3990 | D:4      | Acquired the ring of Fragile Peace {rN+ rCorr Int+3 Slay-2}
  4005 | D:5      | Entered Level 5 of the Dungeon
  4158 | D:5      | Reached skill level 5 in Stealth
  4419 | D:5      | Noticed a wyvern
  4426 | D:5      | Killed a wyvern
  4427 | D:5      | Reached XP level 8. HP: 47/47 MP: 14/15
  4500 | D:5      | Found Jyebb's Serpentskin Sales.
  4667 | D:5      | Reached skill level 5 in Spellcasting
  4996 | D:5      | Found a hazy altar of Hepliaklqana.
  5092 | D:6      | Mangled by an orc warrior

Illustrated notes

Levels and vault maps discovered:
D:1:      dpeg_arrival_pits, layout_loops_ring, minmay_strange_pillars
D:2:      layout_loops_ring, shapermc_ecumenical_altar_petra,
          minmay_misc_feat_cross, minmay_randomly_rotated_circles, uniq_terence
D:3:      layout_basic, mainiacjoe_overflow_chevrons
D:4:      layout_basic, uniq_grinder
D:5:      layout_loops_ring, nzn_hepliaklqana_mist_gate, guppyfry_shop_venom
D:6:      layout_rooms, serial_glass, glass_columns_a, glass_columns_b,
          minmay_misc_feat_four_crosses, uniq_crazy_yiuf_cottage, uniq_jeremiah,
          uniq_sigmund, uniq_blork_the_orc

Skill      XL: |  1  2  3  4  5  6  7  8 |
---------------+-------------------------+-----
Stealth        | 3 4 5 |  5.1
Spellcasting   | 3 4 5 |  5.3
Conjurations   | 2 3 |  3.8
Fire Magic     | 4 5 |  5.8
Short Blades   | 1 2 |  2.4
Fighting       | |  0.9
Dodging        | |  2.9
Unarmed Combat | |  0.5
Hexes          | |  0.8

Action                     |  1- 3 |  4- 6 |  7- 9 || total
---------------------------+-------+-------+-------++-------
  Melee: Unarmed           |    16 |     5 |       ||    21
         Constrict         |     5 |    12 |     8 ||    25
         Tentacles         |     3 |    12 |     7 ||    22
         Punch             |     1 |       |       ||     1
         Dagger            |       |    38 |       ||    38
         Short sword       |       |     4 |    15 ||    19
         Staff             |       |       |    14 ||    14
   Cast: Foxfire           |    58 |    77 |    43 ||   178
         Scorch            |     2 |     9 |    13 ||    24
         Inner Flame       |       |     2 |     3 ||     5
    Use: Potion            |     1 |       |     2 ||     3
         Scroll            |       |       |    10 ||    10
   Stab: Sleeping          |     1 |     3 |     1 ||     5
 Armour: Skin              |     2 |     7 |     1 ||    10
  Dodge: Dodged            |    21 |    26 |    21 ||    68

Table legend: (Time is in decaauts)
 A = Elapsed time spent in this place.
 B = Non-inter-level travel time spent in this place.
 C = Inter-level travel time spent in this place.
 D = Time resting spent in this place.
 E = Time spent auto-exploring this place.
 F = Levels seen in this place.
 G = Mean time per level.
                   A        B        C        D        E       F      G
               +--------+--------+--------+--------+--------+-----+--------+
         Total |   5090 |   5018 |     72 |    285 |   3598 |   6 |  848.3 |
       Dungeon |   5090 |   5018 |     72 |    285 |   3598 |   6 |  848.3 |
               +--------+--------+--------+--------+--------+-----+--------+

Top non-repeatable levels by time:
     D:2: 1217 daAuts
     D:4: 1120 daAuts
     D:1: 1036 daAuts
     D:5: 944 daAuts
     D:3: 746 daAuts
     D:6: 25 daAuts
